 Dungeon Crawl Stone Soup version 0.25-a0-510-ge065f6de7d (webtiles) character file.

Game seed: 14500994948403847908, levelgen mode: deterministic

81 BeastOfSaturn the Grave Robber (level 4, -8/30 HPs)
             Began as a Demonspawn Necromancer on Feb 15, 2020.
             Mangled by an ogre
             ... wielding a +0 giant club
              (12 damage)
             ... on level 3 of the Dungeon.
             The game lasted 00:13:54 (4212 turns).

BeastOfSaturn the Grave Robber (DsNe)               Turns: 4212, Time: 00:13:55

Health: -8/30      AC: 10    Str:  9    XL:     4   Next: 20%
Magic:  7/7        EV:  1    Int: 16    God:
Gold:   72         SH:  0    Dex: 14    Spells: 5/7 levels left

rFire    . . .     SeeInvis .   r - +0 trident
rCold    . . .     Gourm    .   (no shield)
rNeg     . . .     Faith    .   p - +0 plate armour
rPois    .         Spirit   .   (no helmet)
rElec    .         Reflect  .   (no cloak)
rCorr    .         Harm     .   (no gloves)
MR       .....                  (no boots)
Stlth    ..........             (no amulet)
HPRegen  0.10/turn              (no ring)
MPRegen  0.10/turn              (no ring)

@: no status effects
A: hooves 1, powered by death 1
a: no special abilities


You were on level 3 of the Dungeon.
You were not hungry.

You visited 2 branches of the dungeon, and saw 7 of its levels.

You collected 72 gold pieces.

Inventory:

Hand Weapons
 d - a +0 dagger
 k - a +0 short sword
 q - a +0 hand axe
 r - a +0 trident (weapon)
Armour
 a - a +0 robe
 m - a +0 leather armour
 p - a +0 plate armour (worn)
Scrolls
 b - a scroll of identify
 j - 2 scrolls of amnesia
 s - a scroll of noise {unknown}
Potions
 e - a potion of heal wounds
 h - a potion of might {unknown}
 l - 2 potions of curing
Comestibles
 c - 3 rations


   Skills:
 + Level 0.2 Fighting
 * Level 1.0 Polearms
 * Level 1.9 Armour
 + Level 1.7 Dodging
 - Level 1.7 Stealth
 - Level 2.0 Spellcasting
 * Level 5.4 Necromancy


You had 5 spell levels left.
You knew the following spells:

 Your Spells              Type           Power        Failure   Level  Hunger
a - Pain                  Necr           ###.         100%        1    #......
b - Animate Skeleton      Necr           N/A          100%        1    #......

Your spell library contained the following spells:

 Spells                   Type           Power        Failure   Level  Hunger
 Vampiric Draining        Necr           ###.......   100%        3    ###....
 Animate Dead             Necr           N/A          100%        4    #####..
 Agony                    Necr           ###.....     100%        5    ######.


Dungeon Overview and Level Annotations

Branches:
Dungeon (6/15)             Temple (1/1) D:6

Altars:
Ashenzari
Cheibriados
Dithmenos
Elyvilon
Fedhas
Gozag
Hepliaklqana
Makhleb
Nemelex Xobeh
Okawaru
Qazlal
Ru
Sif Muna
Trog
Uskayaw
Vehumet
Wu Jian
Xom
Yredelemnul
Zin
The Shining One


Innate Abilities, Weirdness & Mutations

You have large cloven feet.
You regenerate a little health from kills.


Message History

You puncture the bat!
You kill the bat!
No target in view!
You see here 22 arrows.
You see here a jackal skeleton.
Found a potion of heal wounds.
e - a potion of heal wounds
There is a stone staircase leading down here.
You climb downwards.
The ogre hits you with a +0 giant club! The ogre completely misses you.
There is a stone staircase leading up, spattered with blood here.
You hit the ogre.
The ogre is moderately wounded.
The ogre hits you with a +0 giant club!
Ouch! That really hurt!
* * * LOW HITPOINT WARNING * * *
You climb upwards.
There is a stone staircase leading down here.
The ogre hits you with a +0 giant club!
You die...

#.......#.#.#
#.......#.#.#
#.......#.#.#
#.......#.#.#
###
#.......#.#.#
#.#
#######.#.#.#
#.# #...#.#
#.#
##....####.#
#.@.......#
#O>.#######
#...# #...#
#...# #...#
#...# #...#
#####


You could see an ogre.

Vanquished Creatures
  2 adders (D:3)
  An ooze (D:3)
  2 worms (D:2)
  A dart slug (D:3)
  A leopard gecko (D:3)
  4 orcs
  A ball python (D:2)
  2 bats
  3 giant cockroaches
  5 goblins
  4 hobgoblins
  5 jackals
  4 kobolds
  5 frilled lizards
  4 rats
44 creatures vanquished.

Vanquished Creatures (collateral kills)
  A goblin (D:1)
1 creature vanquished.

Grand Total: 45 creatures vanquished

Notes
Turn   | Place    | Note
-------+----------+-------------------------------------------
     0 | D:1      | BeastOfSaturn the Demonspawn Necromancer began the quest
                  | for the Orb.
     0 | D:1      | Reached XP level 1. HP: 13/13 MP: 3/3
   503 | D:1      | Gained mutation: You have large cloven feet. [demonic
                  | ancestry]
   503 | D:1      | Reached XP level 2. HP: 11/19 MP: 0/5
   629 | D:1      | Learned a level 1 spell: Animate Skeleton
  1161 | D:1      | Reached skill level 5 in Necromancy
  1927 | D:2      | Found a blossoming altar of Fedhas.
  2278 | D:2      | Reached XP level 3. HP: 10/24 MP: 6/6
  2555 | D:2      | Reached skill level 1 in Armour
  3371 | D:3      | Gained mutation: You regenerate a little health from kills.
                  | [demonic ancestry]
  3371 | D:3      | Reached XP level 4. HP: 19/30 MP: 7/7
  3384 | D:3      | Reached skill level 1 in Polearms
  3519 | D:3      | You fall into a shaft and drop 3 floors!
  3556 | D:6      | Found a staircase to the Ecumenical Temple.
  3563 | Temple   | Entered the Ecumenical Temple
  3676 | D:6      | Noticed an ogre
  3682 | D:5      | Entered Level 5 of the Dungeon
  3682 | D:5      | Noticed an ogre
  3706 | D:5      | Noticed a sky beast
  3740 | D:4      | Noticed an ogre
  4212 | D:3      | Mangled by an ogre

Levels and vault maps discovered:
D:1:      onia_arrival_pyramid, layout_basic
D:2:      layout_rooms, fedhas_altar_4
D:3:      layout_basic, kennysheep_vampire_church
D:4:      layout_gridville, kennysheep_small_square
D:5:      layout_loops_cross, first_ration
D:6:      layout_loops_ring, temple_green, gup_sewer_entry_spiral,
          nicolae_water_bricks
Temple:   grunt_wide_crystal_templ

Skill      XL: |  1  2  3  4 |
---------------+-------------+-----
Necromancy     | 5 |  5.4
Armour         | 1 |  1.9
Polearms       | 1 |  1.0
Fighting       | |  0.2
Dodging        | |  1.7
Stealth        | |  1.7
Spellcasting   | |  2.0

Action                   |  1- 3 |  4- 6 || total
-------------------------+-------+-------++-------
Melee: Dagger            |     4 |       ||     4
       Short sword       |    42 |       ||    42
       Kick              |    22 |     6 ||    28
       Hand axe          |    39 |       ||    39
       Trident           |    46 |    57 ||   103
 Cast: Pain              |    29 |       ||    29
       Animate Skeleton  |     3 |       ||     3
  Use: Potion            |     3 |     1 ||     4
       Scroll            |       |     7 ||     7
 Stab: Sleeping          |     1 |       ||     1
  Eat: Chunk             |     2 |     2 ||     4
       Ration            |     2 |       ||     2
Armor: Robe              |     2 |       ||     2
       Plate armour      |   126 |    93 ||   219
       Leather armour    |     1 |       ||     1
Dodge: Dodged            |    14 |     4 ||    18

Table legend:
 A = Non-vault XP
 B = Vault XP
 C = Vault XP percentage of total XP
 D = Non-vault monster count
 E = Vault monster count
 F = Vault count percentage of total count
                 A         B        C        D         E       F
            +---------+---------+-------+---------+---------+-------
      Total |     117 |       0 |   0.0 |      45 |       0 |   0.0
            +---------+---------+-------+---------+---------+-------
        D:1 |      20 |       0 |   0.0 |      12 |       0 |   0.0
        D:2 |      32 |       0 |   0.0 |      15 |       0 |   0.0
        D:3 |      65 |       0 |   0.0 |      18 |       0 |   0.0
            +---------+---------+-------+---------+---------+-------
